 Dungeon Crawl Stone Soup version 0.29.0-7-g18a832c13a (webtiles) character file.

Game seed: 17426254163282284069

44 Jase the Ruffian (level 3, 0/31 HPs)
             Began as a Naga Transmuter on Aug 31, 2022.
             Slain by a gnoll
             ... wielding a +0 spear
              (1 damage)
             ... on level 2 of the Dungeon.
             The game lasted 00:06:43 (1802 turns).

Jase the Ruffian (Naga Transmuter)                  Turns: 1802, Time: 00:06:43

Health: 0/31       AC:  3    Str: 15    XL:     3   Next: 62%
Magic:  6/6        EV:  9    Int: 15    God:
Gold:   141        SH:  0    Dex: 11    Spells: 0/6 levels left

rFire   + + .      SeeInvis +   a - +7 quarterstaff of Darkness {speed, rF++ rC++ Str+3}
rCold   + + .      Faith    .   (shield currently unavailable)
rNeg    . . .      Spirit   .   k - +0 robe
rPois   +          Reflect  .   h - +0 helmet
rElec   .          Harm     .   (no cloak)
rCorr   .          Rampage  .   (no gloves)
Will    .....                   (no barding)
Stlth   +.........              (no amulet)
HPRegen 0.10/turn               (no ring)
MPRegen 0.10/turn               (no ring)

@: short of breath, very slow
A: AC +1, large, see invisible, deformed body, poison resistance, slowness 2,
spit poison 1, naga tail 1
a: Spit Poison


You were on level 2 of the Dungeon.
You visited 1 branch of the dungeon, and saw 2 of its levels.

You collected 141 gold pieces.

Inventory:

Hand Weapons
 a - the +7 quarterstaff of Darkness (weapon) {speed, rF++ rC++ Str+3}
   (You found it on level 2 of the Dungeon)

   Attacks with this weapon are significantly faster.
   Str:       It affects your strength (+3).
   rF:        It greatly protects you from fire.
   rC:        It greatly protects you from cold.
Missiles
 j - 5 javelins
Armour
 h - a +0 helmet (worn)
 k - a +0 robe (worn)
Jewellery
 n - an amulet of faith
Scrolls
 c - 2 scrolls of identify {unknown}
 d - a scroll of vulnerability {unknown}
 m - a scroll of teleportation {unknown}
 o - a scroll of enchant armour {unknown}
Potions
 b - a potion of lignification
 e - a potion of attraction {unknown}
 f - a potion of curing {unknown}
 g - a potion of heal wounds {unknown}
 i - 2 potions of degeneration {unknown}
 l - a potion of mutation {unknown}


   Skills:
 - Level 1.0 Fighting
 - Level 1.5 Dodging
 + Level 3.8 Unarmed Combat
 - Level 2.0 Spellcasting
 + Level 3.0 Transmutations


You couldn't memorise any spells.
You knew the following spells:

 Your Spells              Type           Power      Damage    Failure   Level
a - Beastly Appendage     Tmut           20%        N/A       6%          1
b - Wereblood             Tmut           10%        N/A       10%         2
c - Spider Form           Tmut/Pois      6%         N/A       34%         3

Your spell library contained the following spells:

 Spells                   Type           Power      Damage    Failure   Level
 Sting                    Tmut/Pois      24%        1d4       12%         1
 Poisonous Vapours        Pois/Air       2%         N/A       32%         2
 Scorch                   Fire           2%         2d5       32%         2
 Ice Form                 Ice/Tmut       6%         N/A       75%         4
 Flame Wave               Conj/Fire      1%         2d4       91%         4
 Olgreb's Toxic Radiance  Pois           1%         N/A       91%         4
 Summon Cactus Giant      Summ           0%         N/A       100%        6


Dungeon Overview and Level Annotations

Branches:
Dungeon (2/15)

Altars:

Shops:
D:1 (


Innate Abilities, Weirdness & Mutations

Your serpentine skin is tough. (AC +1)
You have supernaturally acute eyesight. (SInv)
Armour fits poorly on your strangely shaped body.
Your system is resistant to poisons. (rPois)
You cover ground very slowly.
You can spit poison.
You have a snake-like lower body.


Message History

You kill the bat!
HP restored.
You enter the shallow water.
Moving in this stuff is going to be slow.
You enter the shallow water.
Moving in this stuff is going to be slow.
There is an open door here.
You enter the shallow water.
Moving in this stuff is going to be slow.
There is an open door here.
There is an open door here.
A gnoll comes into view. It is wielding a +0 whip.
Unknown command.
A gnoll comes into view. It is wielding a +0 spear.
The gnoll shouts!
You closely miss the gnoll.
The gnoll hits you from afar with a +0 spear.
You closely miss the gnoll. The gnoll hits you with a +0 whip.
The gnoll hits you from afar with a +0 spear!
The gnoll hits you from afar with a +0 spear.
* * * LOW HITPOINT WARNING * * *
The gnoll hits you with a +0 whip.
* * * LOW HITPOINT WARNING * * *
The gnoll attacks as you move away! The gnoll hits you with a +0 whip.
* * * LOW HITPOINT WARNING * * *
You thump the gnoll!
The gnoll is heavily wounded.
The gnoll hits you but does no damage.
You sock the gnoll!
You kill the gnoll!
The gnoll closely misses you.
Your Transmutations skill increases to level 3!
Aiming: Spit Poison (2% risk of failure)
Press: ? - help, Shift-Dir - straight line, f - gnoll
Aim: a gnoll, wielding a +0 spear (65% to hit)
The splash of poison hits the gnoll!
The gnoll is poisoned.
The gnoll is severely wounded.
The gnoll closely misses you. The gnoll hits you with a +0 spear.
You die...

####.######.###### ##.##.#
#......# ##.#.#.#### #..###.#
#.###.....# #..# #.# #
##.#....#.###..###.# #
######......#........#.# #
#...........#####..#.#.# #
#.####.##g.........#.#.### #.#
#.##@#.######........ #.#
#.##.#.# #.....##♣ #.# #......#
##..###♣~ ######.# ###...##
#....#~~ #......# ##.....##
#.##.♣~~ #.##.### ##.......##
##.##♣~~~
#.#...####.........####....♣♣~~
#........'.........'.......♣♣P~
#.#...####.........####...#♣♣~~


You could see a gnoll (poisoned).

Vanquished Creatures
  A gnoll (D:2)
  2 worms (D:2)
  2 dart slugs (D:1)
  A ball python (D:1)
  2 endoplasms (D:1)
  2 giant cockroaches (D:2)
  A goblin (D:2)
  4 hobgoblins
  4 kobolds
  2 bats
  3 frilled lizards
24 creatures vanquished.

Vanquished Creatures (others)
  13 plants (D:2)
13 creatures vanquished.

Grand Total: 37 creatures vanquished

Notes
Turn   | Place    | Note
-------+----------+-------------------------------------------
     0 | D:1      | Jase the Naga Transmuter began the quest for the Orb.
     0 | D:1      | Reached XP level 1. HP: 18/18 MP: 3/3
   303 | D:1      | Found Rehuan's Weapon Boutique.
   349 | D:1      | Reached XP level 2. HP: 20/25 MP: 5/5
   545 | D:1      | Found a faded altar of an unknown god.
   727 | D:1      | Learned a level 2 spell: Wereblood
  1026 | D:2      | Identified the +7 quarterstaff of Darkness {speed, rF++
                  | rC++ Str+3}
  1169 | D:2      | Reached XP level 3. HP: 31/31 MP: 6/6
  1173 | D:2      | Learned a level 3 spell: Spider Form
  1798 | D:2      | HP: 1/31 [gnoll/+0 whip (5)]
  1802 | D:2      | Slain by a gnoll

Illustrated notes

Levels and vault maps discovered:
D:1:      lemuel_arrival_behind_the_door_large, layout_basic, serial_shops,
          nicolae_shop_bloodbath_and_beyond, basic_ecumenical_altar,
          minmay_misc_feat_doors, minmay_misc_feat_plants
D:2:      layout_loops_corners, serial_bayou, serial_bayou_ford_a,
          serial_bayou_lake_a, serial_bayou_pond_b, serial_bayou_shore_b,
          serial_park_tiny_1

Skill      XL: |  1  2  3 |
---------------+----------+-----
Transmutations | 3 |  3.0
Fighting       | |  1.0
Dodging        | |  1.5
Unarmed Combat | |  3.8
Spellcasting   | |  2.0

Action                   || total
-------------------------++-------
Melee: Unarmed           ||    30
       Quarterstaff      ||    22
       Headbutt          ||     4
       Punch             ||     1
 Cast: Beastly Appendage ||     8
 Abil: Spit Poison       ||    19
Armor: Robe              ||     9
Dodge: Dodged            ||    17
